Map: [ESL] Alcyone

Players

Spatz - Winner!

  • Race: Protoss Protoss
  • Spawn Location: 1:00

Bly

  • Race: Zerg Zerg
  • Spawn Location: 7:00

Event: ESL SC2 Masters 2023 Winter (Regional)

VOD

Have the link to the VOD?

Description

Time

  • Played on: Nov. 1, 2023, 2:51 p.m.
  • Length: 10:13

All games in this series

Show
View Real Time Build Order
Export as new Build Order

Spatz Protoss - Winner!

Build Orders: Archon Immortal 

Get SALT Encoding   

  12  0:00  Probe  
  13  0:13  Pylon  
  13  0:17  Probe (Chrono Boost)  
  14  0:27  Probe (Chrono Boost)  
  15  0:32  Probe (Chrono Boost)  
  16  0:39  Gateway  
  16  0:43  Probe  
  16  0:48  Assimilator  
  17  0:56  Probe  
  18  1:08  Probe  
  19  1:20  Probe  
  19  1:25  Zealot (Chrono Boost)  
  20  1:28  Cybernetics Core  
  20  1:32  Probe  
  23  1:34  Pylon  
  23  1:52  Probe  
  24  2:03  Adept (Chrono Boost)  
  27  2:13  Assimilator  
  26  2:19  Nexus  
  26  2:24  Warp Gate  
  26  2:26  Probe  
  27  2:33  Pylon  
  27  2:39  Adept  
  27  2:43  Probe  
  30  2:53  Twilight Council  
  30  2:58  Probe  
  31  3:10  Probe  
  32  3:22  Probe  
  32  3:25  Robotics Facility  
  33  3:29  Gateway  
  34  3:34  Probe  
  34  3:37  Gateway  
  34  3:40  Resonating Glaives (Chrono Boost), Probe  
  35  3:51  Probe  
  35  3:53  Probe  
  37  4:02  Gateway  
  37  4:03  Probe  
  37  4:09  Warp Prism (Chrono Boost)  
  39  4:14  Probe  
  41  4:18  Probe  
  41  4:24  Adept x2  
  46  4:26  Probe  
  47  4:31  Pylon  
  47  4:38  Probe  
  47  4:46  Adept x3  
  47  4:51  Dark Shrine, Probe  
  54  4:58  Pylon  
  54  5:09  Adept x4  
  62  5:16  Probe x2  
  62  5:18  Pylon  
  62  5:20  Assimilator  
  64  5:28  Immortal (Chrono Boost), Probe  
  64  5:33  Probe  
  70  5:40  Probe, Pylon  
  71  5:45  Probe  
  71  5:46  Assimilator  
  71  5:47  Charge  
  72  5:52  Probe  
  73  6:01  Immortal (Chrono Boost)  
  73  6:02  Probe  
  76  6:08  Dark Templar  
  76  6:09  Probe  
  79  6:12  Pylon  
  79  6:19  Probe  
  79  6:23  Probe  
  76  6:34  Gateway  
  76  6:35  Probe, Stalker  
  76  6:37  Gateway  
  76  6:39  Pylon  
  79  6:40  Immortal (Chrono Boost)  
  82  6:54  Gateway x2  
  82  7:01  Pylon  
  82  7:09  Zealot x2  
  82  7:10  Zealot x2  
  76  7:27  Zealot  
  70  7:30  Zealot x4  
  76  7:38  Zealot  
  70  7:45  Immortal  
  70  7:48  Zealot  
  76  8:01  Dark Templar x4  
  76  8:02  Sentry  
  86  8:06  Archon x2  
  86  8:22  Immortal (Chrono Boost)  
  86  8:36  Pylon  
  86  8:37  Zealot x8  
  99  8:49  Pylon  
  99  8:53  Stargate  
  99  9:10  Zealot x7  
  89  9:40  Zealot x3  
  89  9:42  Zealot  
  71  10:01  Zealot x5  
Show
View Real Time Build Order
Export as new Build Order

Bly Zerg 

Build Orders: 3 Hatch before Pool, Swarm Host 

Get SALT Encoding   

  12  0:00  Drone  
  13  0:12  Overlord  
  13  0:17  Drone  
  14  0:30  Drone x2  
  16  0:42  Drone  
  17  0:57  Drone  
  17  1:00  Hatchery  
  17  1:18  Hatchery  
  17  1:21  Drone  
  17  1:24  Drone  
  18  1:35  Extractor  
  18  1:39  Spawning Pool  
  16  1:41  Drone  
  16  1:44  Drone  
  18  1:48  Drone  
  19  1:56  Drone  
  19  2:01  Evolution Chamber  
  20  2:08  Overlord  
  21  2:17  Hatchery  
  20  2:26  Zergling x8  
  20  2:27  Queen  
  26  2:36  Metabolic Boost  
  26  2:40  Queen  
  26  2:44  Drone  
  29  2:49  Drone  
  29  2:50  Drone  
  31  3:06  Drone x4  
  31  3:12  Spore Crawler  
  33  3:20  Queen  
  33  3:21  Overlord  
  35  3:28  Lair  
  35  3:32  Overlord  
  35  3:33  Overlord  
  35  3:38  Overlord  
  35  3:44  Drone x6  
  41  3:53  Drone x3  
  41  3:54  Drone  
  45  4:00  Overlord  
  45  4:08  Roach Warren  
  44  4:17  Drone x2  
  44  4:18  Drone x4  
  44  4:22  Extractor x2  
  48  4:25  Overlord  
  49  4:48  Roach x5  
  49  4:49  Evolution Chamber  
  57  4:54  Roach x4  
  57  4:55  Glial Reconstitution  
  61  5:03  Drone x3  
  64  5:08  Overlord  
  64  5:13  Drone  
  65  5:18  Evolution Chamber  
  65  5:19  Drone x4  
  68  5:21  Extractor  
  67  5:30  Roach  
  67  5:31  Roach x3  
  76  5:39  Evolution Chamber  
  76  5:41  Overlord  
  75  5:44  Overlord  
  75  5:45  Infestation Pit  
  75  5:49  Overlord x2  
  74  5:53  Evolution Chamber  
  75  6:03  Drone x5  
  76  6:06  Evolution Chamber  
  75  6:11  Overseer  
  75  6:12  Nydus Network  
  75  6:16  Drone x3  
  77  6:22  Spore Crawler  
  74  6:30  Drone x2  
  76  6:45  Roach x7  
  90  6:49  Nydus Canal  
  90  6:50  Evolution Chamber  
  89  6:54  Overseer  
  89  7:01  Roach x4  
  97  7:15  Overlord x2  
  87  7:28  Roach x6  
  79  7:37  Queen x2  
  79  7:38  Roach x4  
  75  8:05  Swarm Host x6  
  75  8:12  Spore Crawler  
  92  8:13  Queen x2  
  92  8:14  Hatchery  
  92  8:17  Swarm Host x2  
  101  8:34  Roach x5  
  111  8:38  Nydus Canal  
  111  8:49  Swarm Host x4  
  119  9:02  Roach  
  123  9:03  Roach x2  
  123  9:05  Overlord x2  
  123  9:09  Overlord  
  121  9:12  Nydus Canal  
  121  9:13  Evolution Chamber  
  121  9:15  Ravager x2  
  114  9:27  Roach x5  
  107  9:33  Roach  
  107  9:34  Roach  
  98  9:45  Roach x3  
Tags
 
Add a new tag
Caveats
  • Supply blocks, unpowered buildings, or Contaminate may cause inaccurate times.
  • Supply counts are checked every 10 seconds.